 Dungeon Sprint DCSS version 0.21.1-1-g345015f (webtiles) character file.

10788 Mesmaeker13 the Tortoise (level 11, -1/117 HPs)
             Began as a Minotaur Fighter on Apr 14, 2018.
             Was the Champion of Trog.
             Slain by a lorocyproca (35 damage)
             ... in the Dungeon (Sprint I: "Red Sonja").
             The game lasted 00:11:12 (3215 turns).

Mesmaeker13 the Tortoise (Minotaur Fighter)         Turns: 3215, Time: 00:11:13

Health: -1/117     AC: 11    Str: 23    XL:     11   Next: 40%
Magic:  1/3        EV: 10    Int:  5    God:    Trog [******]
Gold:   959        SH: 14    Dex: 13    Spells: 10/10 levels left

rFire    + . .     SeeInvis .   y - +2 morningstar (antimagic)
rCold    + . .     Gourm    .   c - +0 shield
rNeg     . . .     Faith    .   b - +0 scale mail
rPois    +         Spirit   .   (helmet restricted)
rElec    +         Reflect  .   (no cloak)
rCorr    +         Harm     .   (no gloves)
MR       +....     NoTele   +   (no boots)
Stlth    ..........             (no amulet)
HPRegen  0.29/turn              g - ring of protection from magic
MPRegen  0.08/turn              u - ring of poison resistance

@: resistant, very slightly contaminated
A: retaliatory headbutt, horns 2, shaggy fur 1, strong 1, wild magic 1
a: Berserk, Trog's Hand, Brothers in Arms, Burn Spellbooks, Renounce Religion


You were in the Dungeon.
You worshipped Trog.
Trog was exalted by your worship.
You were hungry.

You visited 1 branch You collected 1707 gold pieces.
You spent 748 gold pieces at shops.

Inventory:

Hand Weapons
 o - a +2 flail of holy wrath
 q - a -2 blowgun
 y - a +2 antimagic morningstar (weapon)
Missiles
 j - 8 javelins of penetration (quivered)
 r - 5 curare-tipped needles
 t - 9 needles of confusion
Armour
 b - a +0 scale mail (worn)
 c - a +0 shield (worn)
Jewellery
 g - a ring of protection from magic (left hand)
 u - a ring of poison resistance (right hand)
Wands
 n - a wand of paralysis (7)
Scrolls
 a - a scroll of vulnerability {unknown}
 d - a scroll of holy word {unknown}
 f - a scroll of fog
 m - a scroll of enchant armour
Potions
 e - 5 potions of curing
 h - a potion of haste
 i - 2 potions of magic
 l - a potion of cancellation
Comestibles
 w - 2 rations


   Skills:
 + Level 17.1 Fighting
 - Level 14.4 Maces & Flails
 + Level 8.7 Throwing
 + Level 17.1 Armour
 - Level 14.6 Shields


You had 10 spell levels left.
You didn't know any spells.

Dungeon Overview and Level Annotations

Branches:
Dungeon (1/1)

Altars:
Cheibriados
Dithmenos
Elyvilon
Fedhas
Gozag
Hepliaklqana
Kikubaaqudgha
Makhleb
Nemelex Xobeh
Okawaru
Qazlal
Ru
Sif Muna
Trog
Uskayaw
Vehumet
Wu Jian
Xom
Yredelemnul
Zin
The Shining One
Jiyva
Lugonu

Shops:
D ::%(?*}*:(!*==:[(


Innate Abilities, Weirdness & Mutations

You reflexively headbutt those who attack you in melee.
You have a pair of horns on your head.
You are covered in fur. (AC +1)
Your muscles are strong. (Str +2)
Your spells are a little harder to cast, but a little more powerful.


Message History

* * * LOW HITPOINT WARNING * * *
Blink to where?
Press: ? - help, Dir - move target cursor You are very lightly contaminated with residual magic.
As you read the scroll of blinking, it crumbles to dust.
It was a potion of mutation.
You feel extremely strange.
You feel less in control of your magic. Fur sprouts all over your body.
You feel stronger.
It was a potion of resistance.
You feel protected.
There is an open door, spattered with blood here.
Things that are here:
a dagger; a robe Your scale mail prevents you from hitting something.
You headbutt something. You block something's attack.
You miss something. You completely miss something.
You are feeling hungry.
Something hits you!!
You die...

#################################
.').#..'..#__#..@{..#[.#§§÷.'..§.
[#..').#..'..'..#...##'#§####§.§.
###'#####'#__####...)..#)# ##§§.
##..#...#[####§.#####..'.# ###+
_####..##.#§§§§§#.§##'####
____##'#_)'§§≈§.§§.#.§§..#
.∩...'..._#§§≈§§#.§#.§§.^'..$$$#
..__##_.#'##§#####'###§..#.....#
____###'#.#...)###.'.#§§§###++##


There were no monsters in sight!

Vanquished Creatures
  A hydra (D)
  2 centaur warriors (D)
  Sonja (D)
  A deep troll (D)
  2 unseen horrors (D)
  A lindwurm (D)
  An oklob plant (D)
  A gargoyle (D)
  2 kobold demonologists (D)
  4 demonic crawlers (D)
  A hornet (D)
  A slime creature (D)
  2 redbacks (D)
  Sigmund (D)
  13 hogs (D)
  A yak (D)
  3 floating eyes (D)
  7 necrophages (D)
  An ogre (D)
  8 jellies (D)
  Ijyb (D)
  2 ballistomycetes (D)
57 creatures vanquished.

Vanquished Creatures (others)
  A gargoyle (D)
  4 hornets (D)
  2 ballistomycete spores (D)
7 creatures vanquished.

Grand Total: 64 creatures vanquished

Notes
Turn   | Place    | Note
-------+----------+-------------------------------------------
     0 | D        | Mesmaeker13 the Minotaur Fighter began the quest for the Orb.
     0 | D        | Reached XP level 1. HP: 19/19 MP: 0/0
     1 | D        | Noticed Ijyb
    12 | D        | Killed Ijyb
    12 | D        | Reached skill level 5 in Fighting
    12 | D        | Reached skill level 5 in Shields
    12 | D        | Reached XP level 2. HP: 22/29 MP: 1/1
    83 | D        | Noticed an ogre
    86 | D        | Killed an ogre
    86 | D        | Reached skill level 5 in Maces & Flails
    86 | D        | Reached XP level 3. HP: 26/38 MP: 2/2
    86 | D        | Reached XP level 4. HP: 31/45 MP: 3/3
   176 | D        | Noticed Sigmund
   181 | D        | Killed Sigmund
   181 | D        | Reached XP level 5. HP: 47/55 MP: 4/4
   181 | D        | Reached XP level 6. HP: 53/62 MP: 5/5
   233 | D        | Found an ornate altar of the Wu Jian Council.
   233 | D        | Found a deep blue altar of Sif Muna.
   235 | D        | Found a radiant altar of Vehumet.
   325 | D        | Found Luufupor's Book Emporium.
   325 | D        | Found an ancient bone altar of Kikubaaqudgha.
   325 | D        | Found a hazy altar of Hepliaklqana.
   325 | D        | Found a stormy altar of Qazlal.
   325 | D        | Found a hide-covered altar of Uskayaw.
   325 | D        | Found a blossoming altar of Fedhas.
   325 | D        | Found a bloodstained altar of Trog.
   325 | D        | Found an iron altar of Okawaru.
   325 | D        | Found a basalt altar of Yredelemnul.
   325 | D        | Found a glowing golden altar of the Shining One.
   325 | D        | Found a snail-covered altar of Cheibriados.
   325 | D        | Found a sacrificial altar of Ru.
   325 | D        | Found a glowing silver altar of Zin.
   325 | D        | Found a shadowy altar of Dithmenos.
   325 | D        | Found a white marble altar of Elyvilon.
   325 | D        | Noticed a yak
   336 | D        | Killed a yak
   337 | D        | Found an opulent altar of Gozag.
   338 | D        | Found a sparkling altar of Nemelex Xobeh.
   347 | D        | Became a worshipper of Trog the Wrathful
   453 | D        | Found a burning altar of Makhleb.
   453 | D        | Found a viscous altar of Jiyva.
   453 | D        | Found a shimmering altar of Xom.
   453 | D        | Found a corrupted altar of Lugonu.
   453 | D        | Noticed a slime creature
   460 | D        | Killed a slime creature
   460 | D        | Reached skill level 10 in Fighting
   460 | D        | Reached skill level 10 in Armour
   460 | D        | Reached skill level 10 in Shields
   460 | D        | Reached XP level 7. HP: 47/72 MP: 6/6
   641 | D        | Noticed a kobold demonologist
   642 | D        | Noticed a kobold demonologist
   644 | D        | Noticed a neqoxec
   644 | D        | Reached skill level 10 in Maces & Flails
   646 | D        | Killed a kobold demonologist
   646 | D        | Reached * piety under Trog
   653 | D        | Killed a kobold demonologist
   653 | D        | Reached ** piety under Trog
   653 | D        | Reached XP level 8. HP: 82/82 MP: 7/7
   711 | D        | Noticed a centaur warrior
   711 | D        | Noticed a centaur warrior
   729 | D        | Killed a centaur warrior
   735 | D        | Killed a centaur warrior
   735 | D        | Reached XP level 9. HP: 93/93 MP: 8/8
   779 | D        | Reached *** piety under Trog
   795 | D        | Noticed a deep troll
   799 | D        | Killed a deep troll
   821 | D        | Found Piegaip's Armour Emporium.
   835 | D        | Noticed Sonja
   840 | D        | Killed Sonja
   840 | D        | Reached **** piety under Trog
   860 | D        | Found Zitec's Book Boutique.
  1100 | D        | Noticed an oklob plant
  1114 | D        | Killed an oklob plant
  1114 | D        | Reached XP level 10. HP: 42/103 MP: 9/9
  1374 | D        | Received a gift from Trog
  1386 | D        | HP: 5/156 [demonic crawler (5)]
  1756 | D        | Noticed a gargoyle
  1770 | D        | Killed a gargoyle
  1770 | D        | Reached skill level 1 in Throwing
  2002 | D        | Reached ***** piety under Trog
  2007 | D        | Received a gift from Trog
  2007 | D        | Reached skill level 15 in Fighting
  2007 | D        | Reached skill level 15 in Armour
  2087 | D        | HP: 2/105 [something (7)]
  2091 | D        | Killed an unseen horror
  2100 | D        | Killed an unseen horror
  2158 | D        | Received a gift from Trog
  2158 | D        | Reached skill level 5 in Throwing
  2257 | D        | Killed a gargoyle
  2395 | D        | Received a gift from Trog
  2417 | D        | Reached XP level 11. HP: 100/114 MP: 10/10
  2446 | D        | Found Wics's Antique Weapon Shoppe.
  2446 | D        | Found Ziusm's Food Shop.
  2446 | D        | Found Besaeble's Magic Scroll Boutique.
  2448 | D        | Found Jatyb's General Store.
  2448 | D        | Found Denil's Gadget Shop.
  2448 | D        | Found Akaody's General Store.
  2448 | D        | Found Roeb's Book Boutique.
  2448 | D        | Found Oheshaim's Antique Weapon Emporium.
  2448 | D        | Found Gutuj's Distillery.
  2448 | D        | Found Ephiocra's General Store.
  2451 | D        | Found Lott's Jewellery Boutique.
  2452 | D        | Found Puim's Book Emporium.
  2452 | D        | Found Koxtitoc's Jewellery Boutique.
  2453 | D        | Found Zieclye's Antique Weapon Emporium.
  2463 | D        | Bought an uncursed ring of protection from magic for 250 gold pieces
  2464 | D        | Bought an uncursed ring of poison resistance for 200 gold pieces
  2467 | D        | Bought a scroll of identify for 20 gold pieces
  2475 | D        | Bought a ration for 50 gold pieces
  2475 | D        | Bought a ration for 50 gold pieces
  2484 | D        | Bought a scroll of identify for 24 gold pieces
  2484 | D        | Bought a scroll of identify for 24 gold pieces
  2507 | D        | Bought a potion of curing for 30 gold pieces
  2507 | D        | Bought a potion of heal wounds for 50 gold pieces
  2507 | D        | Bought a potion of heal wounds for 50 gold pieces
  2570 | D        | Noticed a lindwurm
  2578 | D        | Killed a lindwurm
  2578 | D        | Received a gift from Trog
  2740 | D        | Reached ****** piety under Trog
  2740 | D        | Received a gift from Trog
  2753 | D        | Received a gift from Trog
  3005 | D        | Noticed a 12-headed hydra
  3008 | D        | Killed a 12-headed hydra
  3010 | D        | Received a gift from Trog
  3210 | D        | Gained mutation: Your spells are a little harder to cast, but a little more powerful. [potion of mutation]
  3210 | D        | Gained mutation: You are covered in fur. (AC +1) [potion of mutation]
  3210 | D        | Gained mutation: Your muscles are strong. (Str +2) [potion of mutation]
  3215 | D        | Slain by a lorocyproca

Skill      XL: |  1  2  3  4  5  6  7  8  9 10 11 |
---------------+----------------------------------+-----
Fighting       | 5 6 8 10 11 13 14 16 17 | 17.1
Maces & Flails | 4 5 7 9 11 12 13 14 | 14.4
Armour         | 4 6 8 10 11 13 14 16 17 | 17.1
Shields        | 5 6 8 10 11 13 14 | 14.6
Throwing       | 6 8 |  8.7

Action                   |  1- 3 |  4- 6 |  7- 9 | 10-12 || total
-------------------------+-------+-------+-------+-------++-------
Melee: Flail             |    12 |    24 |    41 |   198 ||   275
       Headbutt          |     4 |     8 |    15 |    54 ||    81
       Morningstar       |       |       |       |    14 ||    14
Throw: Javelin           |       |       |       |     5 ||     5
Invok: Berserk           |       |       |     2 |     1 ||     3
       Burn Spellbooks   |       |       |     1 |     1 ||     2
       Trog's Hand       |       |       |       |     1 ||     1
Evoke: Wand              |       |       |     1 |       ||     1
  Use: Potion            |       |       |     1 |     7 ||     8
       Scroll            |       |       |       |     4 ||     4
 Stab: Paralysed         |       |       |     2 |       ||     2
  Eat: Chunk             |       |       |     2 |     1 ||     3
       Ration            |       |       |       |     2 ||     2
Armor: Scale mail        |     3 |     7 |     8 |    74 ||    92
Dodge: Dodged            |     2 |     3 |     3 |    33 ||    41
Block: Shield            |     6 |     6 |    14 |   116 ||   142
